 Dungeon Crawl Stone Soup version 0.27.1-34-g3ba077fa99 (webtiles) character file.

Game seed: 7032462330386402887

4 cbfl8 the Sneak (level 1, -1/19 HPs)
             Began as a Minotaur Delver on Jan 27, 2022.
             Slain by an orc (3 damage)
             ... on level 3 of the Dungeon.
             The game lasted 00:00:20 (62 turns).

cbfl8 the Sneak (Minotaur Delver)                     Turns: 62, Time: 00:00:21

Health: -1/19      AC:  3    Str: 16    XL:     1   Next: 58%
Magic:  0/0        EV: 11    Int:  7    God:
Gold:   0          SH:  0    Dex: 11    Spells: 0/0 levels left

rFire    . . .     SeeInvis .   a - +0 hand axe
rCold    . . .     Faith    .   (no shield)
rNeg     . . .     Spirit   .   b - +0 leather armour
rPois    .         Reflect  .   (helmet restricted)
rElec    .         Harm     .   (no cloak)
rCorr    .         Rampage  .   (no gloves)
Will     .....                  (no boots)
Stlth    ++........             (no amulet)
HPRegen  0.06/turn              (no ring)
MPRegen  0.07/turn              (no ring)

@: lethally poisoned (-1 -> -3)
A: horns 2, retaliatory headbutt
a: no special abilities


You were on level 3 of the Dungeon.
You visited 1 branch of the dungeon, and saw 3 of its levels.

Inventory:

Hand Weapons
 a - a +0 hand axe (weapon)
Armour
 b - a +0 leather armour (worn)
Wands
 g - a wand of digging (3)
Scrolls
 c - a scroll of fog
 d - a scroll of magic mapping
Potions
 f - a potion of haste
 h - a potion of attraction {unknown}


   Skills:
 + Level 3.6 Fighting
 + Level 2.6 Axes
 + Level 2.1 Dodging
 + Level 4.2 Stealth


You couldn't memorise any spells.
You didn't know any spells.
Your spell library was empty.

Dungeon Overview and Level Annotations

Branches:
Dungeon (5/15)             Temple (0/1) D:4

Altars:
Kikubaaqudgha


Innate Abilities, Weirdness & Mutations

You have a pair of horns on your head.
You reflexively headbutt those who attack you in melee.


Message History

The orc shouts!
The jackal looks frightened! x2
A hobgoblin comes into view.
Cornered, the orc turns to fight!
Cornered, the orc turns to fight!
A goblin comes into view. It is wielding a +0 club.
The goblin shouts!
Found a stone staircase leading up.
The hobgoblin hits you.
You hit the hobgoblin.
The hobgoblin is severely wounded.
The hobgoblin hits you but does no damage.
You hit the hobgoblin but do no damage. You headbutt the hobgoblin.
You kill the hobgoblin!
The goblin completely misses you.
The adder hisses angrily.
You hit the goblin.
You kill the goblin!
Things that are here:
a +0 club; 12 gold pieces
There is a staircase to the Ecumenical Temple here.
The adder seems to regain its courage.
The orc seems to regain its courage. x2
There is a stone staircase leading up here.
The orc hits you with a +0 club. The adder bites you.
You climb upwards.
Found a runed scarf.
There is a stone staircase leading down here.
You barely miss the orc. You barely miss the adder.
The adder bites you but does no damage. The orc closely misses you.
You hit the orc.
The orc is moderately wounded.
You hit the adder. The adder closely misses you. The orc barely misses you.
The adder bites you.
You are poisoned.
The adder poisons you!
You closely miss the orc.
The orc is moderately wounded.
You hit the adder.
You feel sick. The orc hits you with a +0 club.
* * * LOW HITPOINT WARNING * * *
The adder closely misses you. The orc hits you with a +0 club.
You die...

#.# ...
#.# #.#
...
#.####.#
#.....o#
#@#
.......S#
#######.#
#.# #.#
.[. #.#
#.#


You could see an adder and an orc.

Vanquished Creatures
  An orc (D:5)
  A goblin (D:4)
  A hobgoblin (D:4)
3 creatures vanquished.

Notes
Turn   | Place    | Note
-------+----------+-------------------------------------------
     0 | D:5      | cbfl8 the Minotaur Delver began the quest for the Orb.
     0 | D:5      | Reached XP level 1. HP: 19/19 MP: 0/0
    25 | D:5      | Found an ancient bone altar of Kikubaaqudgha.
    39 | D:4      | Found a staircase to the Ecumenical Temple.
    62 | D:3      | Slain by an orc

Illustrated notes

Levels and vault maps discovered:
D:3:      layout_loops_ring, kennysheep_generic_room_4
D:4:      layout_basic, minmay_temple_entry_butterflies,
          cheibrodos_sewer_entry_drain, uniq_grinder
D:5:      layout_loops_ring, kennysheep_little_box,
          gammafunk_temple_overflow_wave, old_standard_altar, serial_shops,
          shop, minmay_misc_feat_iff

Action                   || total
-------------------------++-------
Melee: Hand axe          ||     9
       Headbutt          ||     2
  Use: Scroll            ||     1
Armor: Leather armour    ||     2
Dodge: Dodged            ||     6
